Little Stars vs Demolitions
Created - January 9, 2020 at 19:24
Goals
|
| Little Stars |
1 |
4 |
1 |
6 |
| Demolitions |
0 |
1 |
3 |
4 |
|
Shots
|
| Little Stars |
7 |
22 |
12 |
41 |
| Demolitions |
13 |
12 |
9 |
34 |
|
1st period
1. Little Stars , Jesse Joensuu 19 (Dana Tyrell 17, Tyler Wotherspoon 18) at 10:23
Penalties :
Taylor Aronson (Vic) for Roughing (Minor) at 1:34
2nd period
2. Little Stars , Jesse Joensuu 20 (Dana Tyrell 18, Scott Kosmachuck 12) at 0:14
3. Little Stars , Dana Tyrell 12 (Patrick Wiercioch 12) at 9:37
4. Demolitions , Taylor Beck 14 (J.T. Brown 19, Spencer Machacek 25) at 14:07
5. Little Stars , Dana Tyrell 13 (Jesse Joensuu 27) at 15:17
6. Little Stars , Sebastian Wannstrom 7 (Daniel O'regan 13) at 16:13
Penalties :
Jesse Joensuu (Tex) for Interference (Minor) at 2:15, Dennis Everberg (Vic) for Holding (Minor) at 11:29
3rd period
7. Demolitions , Spencer Machacek 17 (Jonathan Blum 18) at 0:11
8. Demolitions , Max Friberg 10 (Phil McRae 7) at 13:05
9. Little Stars , Jesse Joensuu 21 (Dana Tyrell 19, Scott Kosmachuck 13) at 17:57 (PP)
10. Demolitions , Daultan Leveillé 10 (Brandon Saad 17, Spencer Machacek 26) at 19:38 (PP)
Penalties :
Brandon Saad (Vic) for Charging (Minor) at 4:17, Jonathan Blum (Vic) for Tripping (Minor) at 9:38, Daultan Leveillé (Vic) for Hooking (Minor) at 17:46, Daniil Tarasov (Tex) for Cross-checking (Minor) at 19:14
Goalie Stats
Matt Murray (Tex), 30 saves from 34 shots - (0.882), W, 15-9-2, 60:00 minutes
Brandon Halverson (Vic), 35 saves from 41 shots - (0.854), L, 6-8-2, 60:00 minutes
Players Stats for Little Stars
Player Name G A P +/- PIM S H SB GA TA FO MP PP MP PK MP
------------------------------------------------------------------------------------
Anton Cederholm 0 0 0 2 0 2 3 0 0 0 0/0 20:28 2:42 0:31
Dana Tyrell 2 3 5 3 0 6 1 0 1 0 21/32 22:38 4:48 1:48
Daniel O'regan 0 1 1 0 0 4 0 0 1 0 2/4 11:55 0:00 0:00
Daniil Tarasov 0 0 0 -1 2 0 2 0 1 0 0/0 7:26 0:00 0:00
Emile Poirier 0 0 0 0 0 3 0 0 2 0 0/1 11:55 0:00 0:00
Eric Knodel 0 0 0 2 0 1 0 0 0 1 0/0 20:28 2:42 0:31
Evgeny Kuznetsov 0 0 0 0 0 2 2 0 1 0 5/15 19:13 3:19 1:48
Jason Dickinson 0 0 0 -1 0 0 0 0 0 0 1/4 7:27 0:00 0:00
Jesse Joensuu 3 1 4 3 2 7 0 1 1 0 3/4 20:36 4:45 0:00
Julien Nantel 0 0 0 0 0 0 0 0 0 0 1/1 0:35 0:00 0:35
Justin Auger 0 0 0 0 0 0 0 0 0 0 0/0 0:35 0:24 0:00
Michael Mersch 0 0 0 0 0 3 1 0 0 0 0/0 17:25 3:19 0:00
Patrick Wiercioch 0 1 1 1 0 1 1 0 1 0 0/0 24:53 5:25 1:52
Radel Fazleev 0 0 0 0 0 0 0 0 0 0 0/0 0:13 0:03 0:00
Reece Willcox 0 0 0 -1 0 2 1 2 0 0 0/0 11:33 0:00 0:00
Scott Kosmachuck 0 2 2 3 0 1 2 1 0 0 1/2 20:50 4:24 0:35
Sebastian Wannstrom 1 0 1 0 0 4 0 0 0 1 0/0 11:55 0:00 0:00
Shane Gersich 0 0 0 -1 0 2 0 0 0 0 0/1 7:27 0:00 0:00
Tucker Poolman 0 0 0 -1 0 1 0 2 0 0 0/0 11:26 0:00 0:14
Tyler Wotherspoon 0 1 1 1 0 1 0 3 1 2 0/0 27:45 5:25 1:38
Ville Pokka 0 0 0 0 0 0 0 0 0 0 0/0 3:27 0:00 0:00
Zach Budish 0 0 0 0 0 1 1 0 0 0 0/1 17:25 3:19 0:00
Players Stats for Demolitions
Player Name G A P +/- PIM S H SB GA TA FO MP PP MP PK MP
------------------------------------------------------------------------------------
Alex Hutchings 0 0 0 0 0 0 0 0 0 0 0/0 1:06 0:00 1:06
Andrej Nestrasil 0 0 0 0 0 0 1 0 0 0 9/15 14:17 0:00 0:00
Brandon Saad 0 1 1 -3 2 5 2 0 0 1 0/0 21:33 1:55 1:51
Christoph Bertschy 0 0 0 0 0 0 2 0 0 0 0/3 10:04 0:28 0:28
Daultan Leveillé 1 0 1 -3 2 5 1 0 0 0 17/33 24:55 1:55 4:16
Dennis Everberg 0 0 0 0 2 4 0 0 0 2 1/1 15:11 0:28 0:00
J.T. Brown 0 1 1 0 0 3 1 0 0 0 0/1 11:35 0:00 2:27
Jake Muzzin 0 0 0 -1 0 3 1 1 0 0 0/0 20:19 0:00 4:37
Jonathan Blum 0 1 1 -2 2 2 3 0 2 1 0/0 29:42 2:14 3:24
Joshua Leivo 0 0 0 1 0 1 0 0 0 1 0/0 7:20 0:00 0:00
Kerby Rychel 0 0 0 0 0 0 0 0 0 0 0/0 0:00 0:00 0:00
Lane MacDermid 0 0 0 0 0 3 2 0 1 0 0/0 14:17 0:00 0:00
Max Friberg 1 0 1 1 0 1 1 0 0 1 0/0 7:20 0:00 0:00
Michael Prapavessis 0 0 0 0 0 0 0 0 0 0 0/0 0:00 0:00 0:00
Mitch Callahan 0 0 0 0 0 0 0 0 0 0 0/0 0:00 0:00 0:00
Nick Pryor 0 0 0 0 0 0 0 0 0 0 0/0 0:00 0:00 0:00
Nikita Tryamkin 0 0 0 0 0 1 1 0 0 1 0/0 20:55 1:50 2:54
Phil Di Giuseppe 0 0 0 0 0 0 0 0 0 0 0/0 1:53 0:00 1:53
Phil McRae 0 1 1 1 0 1 2 0 0 0 1/1 7:20 0:00 0:00
Robert Bortuzzo 0 0 0 1 0 0 0 0 0 1 0/0 13:57 0:00 3:54
Ryan Pulock 0 0 0 -2 0 0 0 2 0 0 0/0 22:39 0:33 0:00
Spencer Machacek 1 2 3 -3 0 3 1 0 0 1 3/11 24:53 1:55 4:13
Taylor Aronson 0 0 0 0 2 0 1 1 0 0 0/0 10:09 0:00 0:36
Taylor Beck 1 0 1 0 0 2 3 0 1 0 0/0 9:36 0:28 0:00
Tommy Vannelli 0 0 0 0 0 0 0 0 0 0 0/0 2:47 0:09 0:49
3 Stars
1 - Dana Tyrell (Tex)
2 - Jesse Joensuu (Tex)
3 - Scott Kosmachuck (Tex)
Power Play
Little Stars - 1 on 5 Attempt(s) - 20.00%
Demolitions - 1 on 2 Attempt(s) - 50.00%
Penalty Kill
Little Stars - 1 on 2 Attempt(s) - 50.00%
- Score 0 goal in Penalty Kill
Demolitions - 4 on 5 Attempt(s) - 80.00%
- Score 0 goal in Penalty Kill
Team Stat
Little Stars - Hits : 14 - Faceoff Wins : 34 - Blocked Shots : 9 - Penalty Minutes : 4
Demolitions - Hits : 22 - Faceoff Wins : 31 - Blocked Shots : 4 - Penalty Minutes : 10
Official
Referees : Unknown
Linesman : Unknown
Game Notes
Jesse Joensuu has scored a Hat Trick!
Tyler Wotherspoon is injured at 19:24 of 3rd period (Left Leg)
Finance
Level 1 -- Attendance: 1366 (68.30%) -- Ticket Income $17,758
Level 2 -- Attendance: 741 (74.10%) -- Ticket Income $1,482
Total Attendance: 2107 (70.23%)
Total Ticket Income: $19,240
Other Income: $962
Total Income: $20,202
Little Stars
5 vs 5 Forward
Center Left Wing Right Wing Time % Phy DF OF
1 Dana Tyrell Jesse Joensuu Scott Kosmachuck 40 1 2 2
2 Evgeny Kuznetsov Michael Mersch Zach Budish 30 1 2 2
3 Daniel O'regan Emile Poirier Sebastian Wannstrom 20 1 2 2
4 Jason Dickinson Shane Gersich Daniil Tarasov 10 1 2 2
5 vs 5 Defense
Defense Defense Time % Phy DF OF
1 Tyler Wotherspoon Patrick Wiercioch 40 1 2 2
2 Eric Knodel Anton Cederholm 30 1 2 2
3 Reece Willcox Tucker Poolman 20 1 2 2
4 Ville Pokka Tyler Wotherspoon 10 1 2 2
PowerPlay Forward
Center Left Wing Right Wing Time % Phy DF OF
1 Dana Tyrell Jesse Joensuu Scott Kosmachuck 60 1 2 2
2 Evgeny Kuznetsov Michael Mersch Zach Budish 40 1 2 2
PowerPlay Defense
Defense Defense Time % Phy DF OF
1 Tyler Wotherspoon Patrick Wiercioch 60 1 2 2
2 Eric Knodel Anton Cederholm 40 1 2 2
Penalty Kill 4 Players Forward
Center Wing Time % Phy DF OF
1 Dana Tyrell Evgeny Kuznetsov 60 1 2 2
2 Jesse Joensuu Scott Kosmachuck 40 1 2 2
Penalty Kill 4 Players Defense
Defense Defense Time % Phy DF OF
1 Tyler Wotherspoon Patrick Wiercioch 60 1 2 2
2 Eric Knodel Anton Cederholm 40 1 2 2
Penalty Kill - 3 Players Forward
Forward Time % Phy DF OF
1 Dana Tyrell 60 1 2 2
2 Evgeny Kuznetsov 40 1 2 2
Penalty Kill - 3 Players Defense
Defense Defense Time % Phy DF OF
1 Tyler Wotherspoon Patrick Wiercioch 60 1 2 2
2 Eric Knodel Anton Cederholm 40 1 2 2
4 vs 4 Forward
Center Wing Time % Phy DF OF
1 Dana Tyrell Evgeny Kuznetsov 60 1 2 2
2 Jesse Joensuu Scott Kosmachuck 40 1 2 2
4 vs 4 Defense
Defense Defense Time % Phy DF OF
1 Tyler Wotherspoon Patrick Wiercioch 60 1 2 2
2 Eric Knodel Anton Cederholm 40 1 2 2
Last Minutes Offensive
Center Left Wing Right Wing Defense Defense
Dana Tyrell Jesse Joensuu Scott Kosmachuck Tyler Wotherspoon Patrick Wiercioch
Last Minutes Defensive
Center Left Wing Right Wing Defense Defense
Dana Tyrell Jesse Joensuu Scott Kosmachuck Tyler Wotherspoon Patrick Wiercioch
Goaltenders
Starting : Matt Murray
Backup : Peter Delmas
Extra Forwards
Normal : Justin Auger, Radel Fazleev, Julien Nantel - PP : Justin Auger, Radel Fazleev - PK : Julien Nantel
Extra Defensemen
Normal : Reece Willcox, Tucker Poolman, Ville Pokka - PP : Reece Willcox - PK : Tucker Poolman, Ville Pokka
Penalty Shots
Dana Tyrell, Evgeny Kuznetsov, Jesse Joensuu, Scott Kosmachuck, Zach Budish
Scratches
Adam Tambellini (Healthy), Connor Knapp (Healthy), Spencer Martin (Healthy)
Demolitions
5 vs 5 Forward
Center Left Wing Right Wing Time % Phy DF OF
1 Daultan Leveillé Brandon Saad Spencer Machacek 51 0 0 5
2 Andrej Nestrasil Lane MacDermid Dennis Everberg 34 0 0 5
3 Christoph Bertschy Taylor Beck J.T. Brown 10 1 2 2
4 Phil McRae Joshua Leivo Max Friberg 5 1 2 2
5 vs 5 Defense
Defense Defense Time % Phy DF OF
1 Jonathan Blum Ryan Pulock 50 0 0 5
2 Nikita Tryamkin Jake Muzzin 35 0 2 3
3 Robert Bortuzzo Taylor Aronson 10 1 2 2
4 Tommy Vannelli Jonathan Blum 5 1 2 2
PowerPlay Forward
Center Left Wing Right Wing Time % Phy DF OF
1 Daultan Leveillé Brandon Saad Spencer Machacek 70 0 0 5
2 Christoph Bertschy Taylor Beck Dennis Everberg 30 0 0 5
PowerPlay Defense
Defense Defense Time % Phy DF OF
1 Jonathan Blum Ryan Pulock 70 0 0 5
2 Nikita Tryamkin Jonathan Blum 30 0 0 5
Penalty Kill 4 Players Forward
Center Wing Time % Phy DF OF
1 Spencer Machacek Daultan Leveillé 60 1 2 2
2 J.T. Brown Brandon Saad 40 1 2 2
Penalty Kill 4 Players Defense
Defense Defense Time % Phy DF OF
1 Jonathan Blum Jake Muzzin 60 1 2 2
2 Nikita Tryamkin Robert Bortuzzo 40 1 2 2
Penalty Kill - 3 Players Forward
Forward Time % Phy DF OF
1 Spencer Machacek 60 1 2 2
2 Daultan Leveillé 40 1 2 2
Penalty Kill - 3 Players Defense
Defense Defense Time % Phy DF OF
1 Jonathan Blum Jake Muzzin 60 1 2 2
2 Nikita Tryamkin Robert Bortuzzo 40 1 2 2
4 vs 4 Forward
Center Wing Time % Phy DF OF
1 Spencer Machacek Daultan Leveillé 60 1 2 2
2 J.T. Brown Brandon Saad 40 1 2 2
4 vs 4 Defense
Defense Defense Time % Phy DF OF
1 Jonathan Blum Jake Muzzin 60 1 2 2
2 Nikita Tryamkin Robert Bortuzzo 40 1 2 2
Last Minutes Offensive
Center Left Wing Right Wing Defense Defense
Daultan Leveillé Brandon Saad Spencer Machacek Jonathan Blum Jake Muzzin
Last Minutes Defensive
Center Left Wing Right Wing Defense Defense
Daultan Leveillé Brandon Saad Spencer Machacek Jonathan Blum Jake Muzzin
Goaltenders
Starting : Brandon Halverson
Backup : Alex Stalock
Extra Forwards
Normal : Christoph Bertschy, J.T. Brown, Phil Di Giuseppe - PP : Brandon Saad, Dennis Everberg - PK : Phil Di Giuseppe
Extra Defensemen
Normal : Nikita Tryamkin, Taylor Aronson, Michael Prapavessis - PP : Ryan Pulock - PK : Robert Bortuzzo, Tommy Vannelli
Penalty Shots
Spencer Machacek, Daultan Leveillé, J.T. Brown, Brandon Saad, Dennis Everberg
Scratches
Thomas DiPauli (Healthy), Colton Sceviour (Healthy), Aaron Palushaj (Healthy), Jared Staal (Healthy), Jaedon Descheneau (Healthy)
Antti Raanta (Healthy), Jake Paterson (Healthy), Francois Tremblay (Healthy)
% Time on Ice - Little Stars
Lines # - Real PCT - Wanted PCT - Time Play
Normal Forward
1 - 32% - 40% - 16:02
2 - 28% - 30% - 14:06
3 - 24% - 20% - 11:55
4 - 15% - 10% - 7:27
Normal Defense
1 - 36% - 40% - 17:36
2 - 35% - 30% - 17:15
3 - 23% - 20% - 11:12
4 - 7% - 10% - 3:27
PP Forward
1 - 59% - 60% - 4:48
2 - 41% - 40% - 3:19
PP Defense
1 - 67% - 60% - 5:25
2 - 33% - 40% - 2:42
PK Forward
1 - 76% - 60% - 1:48
2 - 24% - 40% - 0:35
PK Defense
1 - 78% - 60% - 1:52
2 - 22% - 40% - 0:31
PK3 Forward
1 - 0% - 60%
2 - 0% - 40%
PK3 Defense
1 - 0% - 60%
2 - 0% - 40%
44 Forward
1 - 0% - 60%
2 - 0% - 40%
44 Defense
1 - 0% - 60%
2 - 0% - 40%
Last Minute Offensive - 0:00
Last Minute Defensive - 0:00
Total
Forward - 60:00
Defense - 60:00
|
% Time on Ice - Demolitions
Lines # - Real PCT - Wanted PCT - Time Play
Normal Forward
1 - 38% - 51% - 18:45
2 - 29% - 34% - 14:17
3 - 18% - 10% - 9:08
4 - 15% - 5% - 7:20
Normal Defense
1 - 46% - 50% - 22:36
2 - 33% - 35% - 16:32
3 - 18% - 10% - 8:43
4 - 3% - 5% - 1:39
PP Forward
1 - 80% - 70% - 1:55
2 - 20% - 30% - 0:28
PP Defense
1 - 23% - 70% - 0:33
2 - 77% - 30% - 1:50
PK Forward
1 - 70% - 60% - 5:40
2 - 30% - 40% - 2:27
PK Defense
1 - 64% - 60% - 5:13
2 - 36% - 40% - 2:54
PK3 Forward
1 - 0% - 60%
2 - 0% - 40%
PK3 Defense
1 - 0% - 60%
2 - 0% - 40%
44 Forward
1 - 0% - 60%
2 - 0% - 40%
44 Defense
1 - 0% - 60%
2 - 0% - 40%
Last Minute Offensive - 0:00
Last Minute Defensive - 0:00
Total
Forward - 60:00
Defense - 60:00
|
Play-by-Play
1st period
0:01 of 1st period - Jesse Joensuu wins face-off versus Daultan Leveillé in neutral zone.
0:28 of 1st period - Slapshot by Dennis Everberg.
0:28 of 1st period - Deflect By Lane MacDermid.
0:28 of 1st period - Stopped by Matt Murray with a rebound.
0:30 of 1st period - Slapshot by Ryan Pulock.
0:30 of 1st period - Deflect By Lane MacDermid.
0:30 of 1st period - Shot Misses the Net.
0:30 of 1st period - Puck is out of play.
0:31 of 1st period - Andrej Nestrasil wins face-off versus Daniel O'regan in Little Stars zone.
0:58 of 1st period - Anton Cederholm is hit by Taylor Beck.
1:28 of 1st period - Snap shot by Evgeny Kuznetsov.
1:28 of 1st period - Shot Misses the Net.
1:34 of 1st period - Minor Penalty to Taylor Aronson for Roughing.
1:35 of 1st period - Dana Tyrell wins face-off versus Spencer Machacek in Demolitions zone.
1:42 of 1st period - Snap shot by Jesse Joensuu.
1:42 of 1st period - Stopped by Brandon Halverson without a rebound.
1:43 of 1st period - Dana Tyrell wins face-off versus Spencer Machacek in Demolitions zone.
1:52 of 1st period - Snap shot by Spencer Machacek.
1:52 of 1st period - Shot Misses the Net.
2:47 of 1st period - J.T. Brown is hit by Dana Tyrell and loses puck.
3:34 of 1st period - Penalty to Taylor Aronson is over, Taylor Aronson is back on ice.
4:38 of 1st period - Slapshot by Ryan Pulock.
4:38 of 1st period - Deflect By Phil McRae.
4:38 of 1st period - Shot Blocked by Tucker Poolman.
4:38 of 1st period - Puck is out of play.
4:39 of 1st period - Daultan Leveillé wins face-off versus Jason Dickinson in Little Stars zone.
4:48 of 1st period - Wrist shot by Daultan Leveillé.
4:48 of 1st period - Stopped by Matt Murray with a rebound.
5:32 of 1st period - Slapshot by Taylor Beck.
5:32 of 1st period - Shot Misses the Net.
5:37 of 1st period - Icing by Evgeny Kuznetsov.
5:38 of 1st period - Daultan Leveillé wins face-off versus Evgeny Kuznetsov in Little Stars zone.
5:53 of 1st period - Wrist shot by Spencer Machacek.
5:53 of 1st period - Shot Misses the Net.
6:26 of 1st period - Off-side.
6:27 of 1st period - Daniel O'regan wins face-off versus Christoph Bertschy in neutral zone.
6:40 of 1st period - Snap shot by Taylor Beck.
6:40 of 1st period - Stopped by Matt Murray with a rebound.
7:20 of 1st period - Snap shot by Dennis Everberg.
7:20 of 1st period - Deflect By Lane MacDermid.
7:20 of 1st period - Shot Blocked by Reece Willcox.
7:20 of 1st period - Puck is out of play.
7:21 of 1st period - Daultan Leveillé wins face-off versus Scott Kosmachuck in Little Stars zone.
7:32 of 1st period - Wrist shot by Dana Tyrell.
7:32 of 1st period - Shot Misses the Net.
7:46 of 1st period - Lane MacDermid is hit by Evgeny Kuznetsov and loses puck.
7:53 of 1st period - Snap shot by Zach Budish.
7:53 of 1st period - Shot Misses the Net.
8:24 of 1st period - Snap shot by Brandon Saad.
8:24 of 1st period - Shot Blocked by Tyler Wotherspoon.
8:26 of 1st period - Wrist shot by Jonathan Blum.
8:26 of 1st period - Stopped by Matt Murray with a rebound.
8:28 of 1st period - Wrist shot by Daultan Leveillé.
8:28 of 1st period - Shot Misses the Net.
8:30 of 1st period - Slapshot by Jonathan Blum.
8:30 of 1st period - Deflect By Tyler Wotherspoon.
8:30 of 1st period - Stopped by Matt Murray with a rebound.
8:44 of 1st period - Jesse Joensuu is hit by Phil McRae and loses puck.
9:45 of 1st period - Wrist shot by Daniel O'regan.
9:45 of 1st period - Stopped by Brandon Halverson with a rebound.
10:03 of 1st period - Snap shot by Lane MacDermid.
10:03 of 1st period - Shot Misses the Net.
10:05 of 1st period - Wrist shot by Dennis Everberg.
10:05 of 1st period - Stopped by Matt Murray with a rebound.
10:07 of 1st period - Wrist shot by Lane MacDermid.
10:07 of 1st period - Stopped by Matt Murray without a rebound.
10:08 of 1st period - Daultan Leveillé wins face-off versus Jesse Joensuu in Little Stars zone.
10:23 of 1st period - Snap shot by Jesse Joensuu.
10:23 of 1st period - Goal by Jesse Joensuu - Little Stars : 1 - Demolitions : 0.
10:24 of 1st period - Dana Tyrell wins face-off versus Daultan Leveillé in neutral zone.
10:39 of 1st period - Snap shot by Brandon Saad.
10:39 of 1st period - Stopped by Matt Murray without a rebound.
10:40 of 1st period - Andrej Nestrasil wins face-off versus Evgeny Kuznetsov in Little Stars zone.
11:05 of 1st period - Tyler Wotherspoon is hit by Brandon Saad and loses puck.
11:46 of 1st period - Anton Cederholm is hit by Taylor Beck and loses puck.
12:49 of 1st period - Off-side.
12:50 of 1st period - Daultan Leveillé wins face-off versus Evgeny Kuznetsov in neutral zone.
13:01 of 1st period - Slapshot by Daultan Leveillé.
13:01 of 1st period - Stopped by Matt Murray without a rebound.
13:02 of 1st period - Dana Tyrell wins face-off versus Daultan Leveillé in Little Stars zone.
13:34 of 1st period - Wrist shot by Evgeny Kuznetsov.
13:34 of 1st period - Deflect By Michael Mersch.
13:34 of 1st period - Stopped by Brandon Halverson with a rebound.
13:40 of 1st period - Reece Willcox is hit by Lane MacDermid.
14:32 of 1st period - Tyler Wotherspoon is hit by Phil McRae and loses puck.
15:09 of 1st period - Wrist shot by J.T. Brown.
15:09 of 1st period - Stopped by Matt Murray with a rebound.
15:11 of 1st period - Snap shot by Jake Muzzin.
15:11 of 1st period - Stopped by Matt Murray without a rebound.
15:12 of 1st period - Daniel O'regan wins face-off versus Christoph Bertschy in Little Stars zone.
15:42 of 1st period - Spencer Machacek is hit by Anton Cederholm and loses puck.
15:51 of 1st period - Jonathan Blum is hit by Anton Cederholm.
16:05 of 1st period - Wrist shot by Michael Mersch.
16:05 of 1st period - Stopped by Brandon Halverson with a rebound.
16:07 of 1st period - Slapshot by Anton Cederholm.
16:07 of 1st period - Stopped by Brandon Halverson without a rebound.
16:08 of 1st period - Evgeny Kuznetsov wins face-off versus Andrej Nestrasil in Demolitions zone.
16:09 of 1st period - Wrist shot by Michael Mersch.
16:09 of 1st period - Deflect By Lane MacDermid.
16:09 of 1st period - Shot Misses the Net.
16:09 of 1st period - Puck is out of play.
16:10 of 1st period - Dennis Everberg wins face-off versus Evgeny Kuznetsov in Demolitions zone.
16:10 of 1st period - Dennis Everberg is hit by Michael Mersch.
17:24 of 1st period - Slapshot by Lane MacDermid.
17:24 of 1st period - Shot Misses the Net.
17:57 of 1st period - Snap shot by Scott Kosmachuck.
17:57 of 1st period - Stopped by Brandon Halverson with a rebound.
18:03 of 1st period - Dana Tyrell is hit by J.T. Brown and loses puck.
19:24 of 1st period - Off-side.
19:25 of 1st period - Daultan Leveillé wins face-off versus Evgeny Kuznetsov in neutral zone.
19:28 of 1st period - Snap shot by Spencer Machacek.
19:28 of 1st period - Shot Misses the Net.
19:30 of 1st period - Slapshot by Jake Muzzin.
19:30 of 1st period - Stopped by Matt Murray without a rebound.
19:31 of 1st period - Daultan Leveillé wins face-off versus Zach Budish in Little Stars zone.
19:38 of 1st period - Wrist shot by Daultan Leveillé.
19:38 of 1st period - Stopped by Matt Murray with a rebound.
19:40 of 1st period - Snap shot by Spencer Machacek.
19:40 of 1st period - Shot Misses the Net.
Goals for this period are 1 for Little Stars vs 0 for Demolitions.
Shots for this period are 7 for Little Stars vs 13 for Demolitions.
2nd period
0:01 of 2nd period - Spencer Machacek wins face-off versus Dana Tyrell in neutral zone.
0:12 of 2nd period - Slapshot by Dana Tyrell.
0:12 of 2nd period - Shot Misses the Net.
0:14 of 2nd period - Wrist shot by Jesse Joensuu.
0:14 of 2nd period - Goal by Jesse Joensuu - Little Stars : 2 - Demolitions : 0.
0:15 of 2nd period - Dana Tyrell wins face-off versus Daultan Leveillé in neutral zone.
0:28 of 2nd period - Snap shot by Spencer Machacek.
0:28 of 2nd period - Stopped by Matt Murray with a rebound.
0:30 of 2nd period - Wrist shot by Brandon Saad.
0:30 of 2nd period - Stopped by Matt Murray without a rebound.
0:31 of 2nd period - Andrej Nestrasil wins face-off versus Evgeny Kuznetsov in Little Stars zone.
1:03 of 2nd period - Snap shot by Jesse Joensuu.
1:03 of 2nd period - Stopped by Brandon Halverson with a rebound.
1:05 of 2nd period - Wrist shot by Dana Tyrell.
1:05 of 2nd period - Stopped by Brandon Halverson with a rebound.
1:07 of 2nd period - Wrist shot by Dana Tyrell.
1:07 of 2nd period - Stopped by Brandon Halverson with a rebound.
1:09 of 2nd period - Wrist shot by Patrick Wiercioch.
1:09 of 2nd period - Stopped by Brandon Halverson with a rebound.
1:19 of 2nd period - Snap shot by J.T. Brown.
1:19 of 2nd period - Stopped by Matt Murray with a rebound.
1:21 of 2nd period - Slapshot by Christoph Bertschy.
1:21 of 2nd period - Shot Misses the Net.
1:29 of 2nd period - Jonathan Blum is hit by Anton Cederholm and loses puck.
1:40 of 2nd period - Andrej Nestrasil is hit by Daniil Tarasov and loses puck.
1:49 of 2nd period - Wrist shot by Daniil Tarasov.
1:49 of 2nd period - Shot Misses the Net.
2:12 of 2nd period - Off-side.
2:13 of 2nd period - Dana Tyrell wins face-off versus Daultan Leveillé in neutral zone.
2:15 of 2nd period - Minor Penalty to Jesse Joensuu for Interference.
2:16 of 2nd period - Dana Tyrell wins face-off versus Daultan Leveillé in Little Stars zone.
2:25 of 2nd period - Off-side.
2:26 of 2nd period - Dana Tyrell wins face-off versus Daultan Leveillé in neutral zone.
2:53 of 2nd period - Snap shot by Brandon Saad.
2:53 of 2nd period - Stopped by Matt Murray with a rebound.
3:08 of 2nd period - Jonathan Blum is hit by Patrick Wiercioch and loses puck.
3:18 of 2nd period - Icing by Daultan Leveillé.
3:19 of 2nd period - Julien Nantel wins face-off versus Daultan Leveillé in Demolitions zone.
3:40 of 2nd period - Wrist shot by Brandon Saad.
3:40 of 2nd period - Shot Blocked by Scott Kosmachuck.
3:52 of 2nd period - Patrick Wiercioch is hit by Jonathan Blum.
4:02 of 2nd period - Wrist shot by Dennis Everberg.
4:02 of 2nd period - Stopped by Matt Murray with a rebound.
4:15 of 2nd period - Penalty to Jesse Joensuu is over, Jesse Joensuu is back on ice.
4:20 of 2nd period - Wrist shot by Daniel O'regan.
4:20 of 2nd period - Stopped by Brandon Halverson with a rebound.
4:22 of 2nd period - Slapshot by Patrick Wiercioch.
4:22 of 2nd period - Shot Blocked by Ryan Pulock.
4:24 of 2nd period - Slapshot by Tyler Wotherspoon.
4:24 of 2nd period - Stopped by Brandon Halverson without a rebound.
4:25 of 2nd period - Phil McRae wins face-off versus Daniel O'regan in Demolitions zone.
4:32 of 2nd period - Snap shot by Phil McRae.
4:32 of 2nd period - Shot Misses the Net.
4:42 of 2nd period - Wrist shot by Emile Poirier.
4:42 of 2nd period - Stopped by Brandon Halverson with a rebound.
4:44 of 2nd period - Snap shot by Sebastian Wannstrom.
4:44 of 2nd period - Shot Misses the Net.
4:46 of 2nd period - Snap shot by Daniel O'regan.
4:46 of 2nd period - Shot Misses the Net.
4:50 of 2nd period - Wrist shot by Daniel O'regan.
4:50 of 2nd period - Shot Misses the Net.
4:52 of 2nd period - Slapshot by Reece Willcox.
4:52 of 2nd period - Stopped by Brandon Halverson with a rebound.
4:54 of 2nd period - Slapshot by Reece Willcox.
4:54 of 2nd period - Deflect By Taylor Aronson.
4:54 of 2nd period - Stopped by Brandon Halverson with a rebound.
5:00 of 2nd period - Wrist shot by Sebastian Wannstrom.
5:00 of 2nd period - Stopped by Brandon Halverson with a rebound.
5:10 of 2nd period - Snap shot by Sebastian Wannstrom.
5:10 of 2nd period - Shot Misses the Net.
5:14 of 2nd period - Wrist shot by Daniel O'regan.
5:14 of 2nd period - Stopped by Brandon Halverson with a rebound.
5:16 of 2nd period - Wrist shot by Sebastian Wannstrom.
5:16 of 2nd period - Stopped by Brandon Halverson without a rebound.
5:17 of 2nd period - Dana Tyrell wins face-off versus Andrej Nestrasil in Demolitions zone.
6:10 of 2nd period - Snap shot by J.T. Brown.
6:10 of 2nd period - Shot Misses the Net.
7:22 of 2nd period - Snap shot by Taylor Beck.
7:22 of 2nd period - Shot Misses the Net.
7:24 of 2nd period - Wrist shot by Christoph Bertschy.
7:24 of 2nd period - Deflect By J.T. Brown.
7:24 of 2nd period - Shot Blocked by Jesse Joensuu.
7:24 of 2nd period - Puck is out of play.
7:25 of 2nd period - Jesse Joensuu wins face-off versus Christoph Bertschy in Little Stars zone.
7:32 of 2nd period - Wrist shot by J.T. Brown.
7:32 of 2nd period - Deflect By Dana Tyrell.
7:32 of 2nd period - Stopped by Matt Murray without a rebound.
7:33 of 2nd period - Spencer Machacek wins face-off versus Dana Tyrell in Little Stars zone.
7:36 of 2nd period - Slapshot by Daultan Leveillé.
7:36 of 2nd period - Stopped by Matt Murray with a rebound.
7:38 of 2nd period - Slapshot by Nikita Tryamkin.
7:38 of 2nd period - Shot Misses the Net.
7:40 of 2nd period - Slapshot by Jake Muzzin.
7:40 of 2nd period - Stopped by Matt Murray without a rebound.
7:41 of 2nd period - Dana Tyrell wins face-off versus Daultan Leveillé in Little Stars zone.
8:45 of 2nd period - Snap shot by Jesse Joensuu.
8:45 of 2nd period - Shot Misses the Net.
9:29 of 2nd period - Snap shot by Dana Tyrell.
9:29 of 2nd period - Stopped by Brandon Halverson with a rebound.
9:37 of 2nd period - Snap shot by Dana Tyrell.
9:37 of 2nd period - Goal by Dana Tyrell - Little Stars : 3 - Demolitions : 0.
9:38 of 2nd period - Evgeny Kuznetsov wins face-off versus Andrej Nestrasil in neutral zone.
9:42 of 2nd period - Off-side.
9:43 of 2nd period - Evgeny Kuznetsov wins face-off versus Andrej Nestrasil in neutral zone.
10:16 of 2nd period - Slapshot by Daniel O'regan.
10:16 of 2nd period - Stopped by Brandon Halverson with a rebound.
10:18 of 2nd period - Snap shot by Anton Cederholm.
10:18 of 2nd period - Stopped by Brandon Halverson without a rebound.
10:19 of 2nd period - Jason Dickinson wins face-off versus Andrej Nestrasil in Demolitions zone.
10:49 of 2nd period - Slapshot by Evgeny Kuznetsov.
10:49 of 2nd period - Shot Misses the Net.
11:05 of 2nd period - Sebastian Wannstrom is hit by Jake Muzzin and loses puck.
11:18 of 2nd period - Backhand shot by Phil McRae.
11:18 of 2nd period - Stopped by Matt Murray without a rebound.
11:19 of 2nd period - Andrej Nestrasil wins face-off versus Evgeny Kuznetsov in Little Stars zone.
11:29 of 2nd period - Minor Penalty to Dennis Everberg for Holding.
11:30 of 2nd period - Dana Tyrell wins face-off versus Spencer Machacek in Demolitions zone.
13:15 of 2nd period - Icing by Anton Cederholm.
13:16 of 2nd period - Dana Tyrell wins face-off versus J.T. Brown in Little Stars zone.
13:29 of 2nd period - Penalty to Dennis Everberg is over, Dennis Everberg is back on ice.
14:07 of 2nd period - Wrist shot by Taylor Beck.
14:07 of 2nd period - Goal by Taylor Beck - Little Stars : 3 - Demolitions : 1.
14:08 of 2nd period - Andrej Nestrasil wins face-off versus Dana Tyrell in neutral zone.
14:58 of 2nd period - Slapshot by Emile Poirier.
14:58 of 2nd period - Shot Misses the Net.
15:00 of 2nd period - Snap shot by Emile Poirier.
15:00 of 2nd period - Stopped by Brandon Halverson without a rebound.
15:01 of 2nd period - Daultan Leveillé wins face-off versus Dana Tyrell in Demolitions zone.
15:01 of 2nd period - Daultan Leveillé is hit by Scott Kosmachuck.
15:13 of 2nd period - Backhand shot by Scott Kosmachuck.
15:13 of 2nd period - Deflect By Dana Tyrell.
15:13 of 2nd period - Shot Misses the Net.
15:13 of 2nd period - Puck is out of play.
15:14 of 2nd period - Dana Tyrell wins face-off versus Daultan Leveillé in Demolitions zone.
15:15 of 2nd period - Snap shot by Jesse Joensuu.
15:15 of 2nd period - Stopped by Brandon Halverson without a rebound.
15:16 of 2nd period - Jesse Joensuu wins face-off versus Daultan Leveillé in Demolitions zone.
15:17 of 2nd period - Wrist shot by Dana Tyrell.
15:17 of 2nd period - Goal by Dana Tyrell - Little Stars : 4 - Demolitions : 1.
15:18 of 2nd period - Dana Tyrell wins face-off versus Spencer Machacek in neutral zone.
15:43 of 2nd period - Patrick Wiercioch is hit by Jonathan Blum.
16:13 of 2nd period - Wrist shot by Sebastian Wannstrom.
16:13 of 2nd period - Goal by Sebastian Wannstrom - Little Stars : 5 - Demolitions : 1.
16:14 of 2nd period - Dana Tyrell wins face-off versus Daultan Leveillé in neutral zone.
16:19 of 2nd period - Backhand shot by Dana Tyrell.
16:19 of 2nd period - Shot Misses the Net.
16:41 of 2nd period - Andrej Nestrasil is hit by Evgeny Kuznetsov and loses puck.
17:06 of 2nd period - Patrick Wiercioch is hit by Taylor Beck and loses puck.
18:02 of 2nd period - Backhand shot by Dennis Everberg.
18:02 of 2nd period - Stopped by Matt Murray without a rebound.
18:03 of 2nd period - Evgeny Kuznetsov wins face-off versus Daultan Leveillé in Little Stars zone.
18:10 of 2nd period - Wrist shot by Michael Mersch.
18:10 of 2nd period - Shot Misses the Net.
18:52 of 2nd period - Ryan Pulock is hit by Reece Willcox.
19:13 of 2nd period - Slapshot by Brandon Saad.
19:13 of 2nd period - Stopped by Matt Murray without a rebound.
19:14 of 2nd period - Daultan Leveillé wins face-off versus Jason Dickinson in Little Stars zone.
19:25 of 2nd period - Slapshot by Eric Knodel.
19:25 of 2nd period - Stopped by Brandon Halverson without a rebound.
19:26 of 2nd period - Daultan Leveillé wins face-off versus Dana Tyrell in Demolitions zone.
19:37 of 2nd period - Tyler Wotherspoon is hit by Brandon Saad and loses puck.
19:52 of 2nd period - Tyler Wotherspoon is hit by Jonathan Blum and loses puck.
Goals for this period are 4 for Little Stars vs 1 for Demolitions.
Shots for this period are 22 for Little Stars vs 12 for Demolitions.
3rd period
0:01 of 3rd period - Dana Tyrell wins face-off versus Daultan Leveillé in neutral zone.
0:11 of 3rd period - Wrist shot by Spencer Machacek.
0:11 of 3rd period - Goal by Spencer Machacek - Little Stars : 5 - Demolitions : 2.
0:12 of 3rd period - Daultan Leveillé wins face-off versus Dana Tyrell in neutral zone.
0:16 of 3rd period - Off-side.
0:17 of 3rd period - Daultan Leveillé wins face-off versus Dana Tyrell in neutral zone.
1:37 of 3rd period - Wrist shot by Sebastian Wannstrom.
1:37 of 3rd period - Shot Blocked by Jake Muzzin.
1:39 of 3rd period - Wrist shot by Emile Poirier.
1:39 of 3rd period - Stopped by Brandon Halverson without a rebound.
1:40 of 3rd period - Daultan Leveillé wins face-off versus Dana Tyrell in Demolitions zone.
2:30 of 3rd period - Anton Cederholm is hit by Christoph Bertschy.
2:49 of 3rd period - Wrist shot by Spencer Machacek.
2:49 of 3rd period - Stopped by Matt Murray with a rebound.
2:51 of 3rd period - Slapshot by Nikita Tryamkin.
2:51 of 3rd period - Stopped by Matt Murray with a rebound.
3:00 of 3rd period - Off-side.
3:01 of 3rd period - Evgeny Kuznetsov wins face-off versus Andrej Nestrasil in neutral zone.
3:11 of 3rd period - Reece Willcox is hit by Andrej Nestrasil and loses puck.
3:26 of 3rd period - Ryan Pulock is hit by Scott Kosmachuck and loses puck.
3:53 of 3rd period - Snap shot by Sebastian Wannstrom.
3:53 of 3rd period - Shot Misses the Net.
3:55 of 3rd period - Snap shot by Daniel O'regan.
3:55 of 3rd period - Deflect By Sebastian Wannstrom.
3:55 of 3rd period - Shot Misses the Net.
3:55 of 3rd period - Puck is out of play.
3:56 of 3rd period - Daultan Leveillé wins face-off versus Evgeny Kuznetsov in Demolitions zone.
4:09 of 3rd period - Snap shot by Evgeny Kuznetsov.
4:09 of 3rd period - Stopped by Brandon Halverson with a rebound.
4:11 of 3rd period - Wrist shot by Michael Mersch.
4:11 of 3rd period - Shot Blocked by Ryan Pulock.
4:17 of 3rd period - Minor Penalty to Brandon Saad for Charging.
4:18 of 3rd period - Dana Tyrell wins face-off versus Spencer Machacek in Demolitions zone.
4:23 of 3rd period - Snap shot by Dana Tyrell.
4:23 of 3rd period - Stopped by Brandon Halverson without a rebound.
4:24 of 3rd period - Dana Tyrell wins face-off versus Spencer Machacek in Demolitions zone.
4:53 of 3rd period - Snap shot by Evgeny Kuznetsov.
4:53 of 3rd period - Stopped by Brandon Halverson with a rebound.
4:55 of 3rd period - Wrist shot by Zach Budish.
4:55 of 3rd period - Stopped by Brandon Halverson with a rebound.
4:57 of 3rd period - Slapshot by Michael Mersch.
4:57 of 3rd period - Stopped by Brandon Halverson with a rebound.
6:17 of 3rd period - Penalty to Brandon Saad is over, Brandon Saad is back on ice.
7:27 of 3rd period - Backhand shot by Daniil Tarasov.
7:27 of 3rd period - Shot Misses the Net.
7:29 of 3rd period - Slapshot by Daniil Tarasov.
7:29 of 3rd period - Shot Misses the Net.
7:31 of 3rd period - Slapshot by Tucker Poolman.
7:31 of 3rd period - Stopped by Brandon Halverson without a rebound.
7:32 of 3rd period - Daultan Leveillé wins face-off versus Evgeny Kuznetsov in Demolitions zone.
8:06 of 3rd period - Jesse Joensuu is hit by Lane MacDermid and loses puck.
8:25 of 3rd period - Eric Knodel is hit by Christoph Bertschy and loses puck.
8:45 of 3rd period - Jason Dickinson is hit by Daultan Leveillé and loses puck.
9:38 of 3rd period - Minor Penalty to Jonathan Blum for Tripping.
9:39 of 3rd period - Spencer Machacek wins face-off versus Dana Tyrell in Demolitions zone.
9:42 of 3rd period - Off-side.
9:43 of 3rd period - Dana Tyrell wins face-off versus Spencer Machacek in neutral zone.
9:46 of 3rd period - Slapshot by Patrick Wiercioch.
9:46 of 3rd period - Shot Misses the Net.
11:38 of 3rd period - Penalty to Jonathan Blum is over, Jonathan Blum is back on ice.
12:05 of 3rd period - Snap shot by Anton Cederholm.
12:05 of 3rd period - Shot Blocked by Taylor Aronson.
12:07 of 3rd period - Wrist shot by Daniel O'regan.
12:07 of 3rd period - Deflect By Sebastian Wannstrom.
12:07 of 3rd period - Stopped by Brandon Halverson without a rebound.
12:08 of 3rd period - Andrej Nestrasil wins face-off versus Jason Dickinson in Demolitions zone.
12:08 of 3rd period - Andrej Nestrasil is hit by Daniil Tarasov.
13:05 of 3rd period - Snap shot by Max Friberg.
13:05 of 3rd period - Goal by Max Friberg - Little Stars : 5 - Demolitions : 3.
13:06 of 3rd period - Dana Tyrell wins face-off versus Daultan Leveillé in neutral zone.
13:13 of 3rd period - Snap shot by Dana Tyrell.
13:13 of 3rd period - Shot Misses the Net.
13:31 of 3rd period - Jonathan Blum is hit by Zach Budish.
15:44 of 3rd period - Sebastian Wannstrom is hit by Max Friberg and loses puck.
15:55 of 3rd period - Snap shot by Joshua Leivo.
15:55 of 3rd period - Stopped by Matt Murray with a rebound.
15:57 of 3rd period - Wrist shot by Joshua Leivo.
15:57 of 3rd period - Shot Blocked by Tucker Poolman.
16:12 of 3rd period - Scott Kosmachuck is hit by Nikita Tryamkin and loses puck.
16:35 of 3rd period - Evgeny Kuznetsov is hit by Spencer Machacek and loses puck.
16:56 of 3rd period - Shane Gersich is hit by Taylor Aronson and loses puck.
17:46 of 3rd period - Minor Penalty to Daultan Leveillé for Hooking.
17:47 of 3rd period - Scott Kosmachuck wins face-off versus Spencer Machacek in Demolitions zone.
17:57 of 3rd period - Snap shot by Jesse Joensuu.
17:57 of 3rd period - Deflect By Spencer Machacek.
17:57 of 3rd period - Goal by Jesse Joensuu - Little Stars : 6 - Demolitions : 3.
17:58 of 3rd period - Dana Tyrell wins face-off versus Daultan Leveillé in neutral zone.
18:01 of 3rd period - Wrist shot by Jesse Joensuu.
18:01 of 3rd period - Stopped by Brandon Halverson with a rebound.
18:03 of 3rd period - Snap shot by Dana Tyrell.
18:03 of 3rd period - Shot Misses the Net.
18:28 of 3rd period - Slapshot by Daniel O'regan.
18:28 of 3rd period - Shot Misses the Net.
18:46 of 3rd period - Snap shot by Shane Gersich.
18:46 of 3rd period - Stopped by Brandon Halverson with a rebound.
18:52 of 3rd period - Backhand shot by Shane Gersich.
18:52 of 3rd period - Stopped by Brandon Halverson without a rebound.
18:53 of 3rd period - Andrej Nestrasil wins face-off versus Shane Gersich in Demolitions zone.
19:14 of 3rd period - Minor Penalty to Daniil Tarasov for Cross-checking.
19:15 of 3rd period - Daultan Leveillé wins face-off versus Dana Tyrell in Little Stars zone.
19:16 of 3rd period - Backhand shot by Spencer Machacek.
19:16 of 3rd period - Shot Blocked by Tyler Wotherspoon.
19:18 of 3rd period - Slapshot by Brandon Saad.
19:18 of 3rd period - Deflect By Evgeny Kuznetsov.
19:18 of 3rd period - Stopped by Matt Murray with a rebound.
19:24 of 3rd period - Backhand shot by Daultan Leveillé.
19:24 of 3rd period - Deflect By Brandon Saad.
19:24 of 3rd period - Shot Blocked by Tyler Wotherspoon.
19:24 of 3rd period - Tyler Wotherspoon from Little Stars is injured at 19:24 of 3rd period (Left Leg).
19:25 of 3rd period - Daultan Leveillé wins face-off versus Dana Tyrell in Little Stars zone.
19:38 of 3rd period - Wrist shot by Daultan Leveillé.
19:38 of 3rd period - Goal by Daultan Leveillé - Little Stars : 6 - Demolitions : 4.
19:39 of 3rd period - Andrej Nestrasil wins face-off versus Emile Poirier in neutral zone.
19:44 of 3rd period - Wrist shot by Dennis Everberg.
19:44 of 3rd period - Stopped by Matt Murray with a rebound.
19:46 of 3rd period - Slapshot by Ryan Pulock.
19:46 of 3rd period - Shot Blocked by Reece Willcox.
19:48 of 3rd period - Snap shot by Dennis Everberg.
19:48 of 3rd period - Shot Misses the Net.
19:54 of 3rd period - Snap shot by Lane MacDermid.
19:54 of 3rd period - Stopped by Matt Murray without a rebound.
19:55 of 3rd period - Andrej Nestrasil wins face-off versus Evgeny Kuznetsov in Little Stars zone.
Goals for this period are 1 for Little Stars vs 3 for Demolitions.
Shots for this period are 12 for Little Stars vs 9 for Demolitions.
Back to the Top